Map: Prion Terraces

Players

Happy - Winner!

  • Race: Terran Terran
  • League: Grandmaster

SortOf

  • Race: Zerg Zerg
  • League: Grandmaster

Event: 2016 WCS Winter Challenger Europe

VOD

Have the link to the VOD?

Description

Time

  • Played on: Feb. 13, 2016, 10:56 a.m.
  • Length: 24:21

All games in this series

Show
View Real Time Build Order
Export as new Build Order

Happy Terran - Winner!

Build Orders: Hellion Opening, Reaper Expand, Bio Tank 

Get SALT Encoding   

  12  0:00  SCV  
  13  0:12  SCV  
  14  0:17  Supply Depot  
  14  0:24  SCV  
  15  0:39  SCV  
  15  0:41  Barracks  
  16  0:44  Refinery  
  16  0:51  SCV  
  17  1:03  SCV  
  18  1:15  SCV  
  19  1:27  Reaper, Orbital Command  
  20  1:34  Refinery  
  20  1:45  Command Center  
  20  1:53  SCV  
  21  2:00  Supply Depot  
  21  2:05  SCV  
  22  2:12  Factory  
  22  2:15  Barracks Reactor  
  22  2:17  SCV  
  23  2:29  SCV  
  24  2:42  SCV  
  25  2:54  SCV  
  25  2:57  Orbital Command  
  25  2:58  Starport  
  26  3:01  Marine  
  26  3:02  Hellion x2  
  31  3:06  SCV  
  31  3:12  Supply Depot  
  32  3:19  SCV, Marine  
  34  3:24  SCV, Hellion x2  
  39  3:31  Armory, SCV  
  40  3:34  Medivac  
  42  3:42  Marine  
  42  3:45  SCV x2, Hellion  
  42  3:48  Hellion  
  49  3:52  Bunker  
  49  3:56  Supply Depot  
  49  3:57  SCV  
  49  4:02  SCV  
  51  4:06  Supply Depot  
  51  4:13  SCV  
  52  4:18  Liberator  
  52  4:30  Factory Tech Lab  
  55  4:41  Command Center  
  55  4:42  Barracks  
  55  4:44  Refinery x2, Barracks, SCV  
  56  4:52  Siege Tank  
  55  5:11  Marine  
  55  5:12  SCV  
  55  5:13  SCV, Engineering Bay  
  44  5:17  Supply Depot, Engineering Bay  
  44  5:18  Marine  
  44  5:19  Starport Reactor  
  45  5:25  Siege Tank, SCV  
  49  5:28  SCV  
  49  5:29  Marine  
  49  5:30  Supply Depot  
  49  5:32  Barracks Tech Lab  
  49  5:34  Barracks Tech Lab  
  51  5:37  SCV, Marine  
  51  5:41  SCV  
  51  5:42  Terran Infantry Weapons Level 1  
  54  5:44  Terran Infantry Armor Level 1  
  54  5:52  Supply Depot  
  54  5:53  Combat Shields  
  54  5:57  Siege Tank  
  54  5:58  Orbital Command  
  57  6:09  Barracks, SCV  
  57  6:10  SCV, Barracks  
  59  6:14  Stimpack  
  59  6:18  Marine  
  59  6:21  SCV, Orbital Command  
  59  6:22  Supply Depot, SCV  
  59  6:24  Marine  
  63  6:28  Medivac  
  63  6:29  Medivac  
  67  6:33  SCV  
  67  6:34  SCV  
  68  6:45  SCV  
  68  6:46  SCV x2  
  71  6:51  Marine  
  71  6:52  Marine x3  
  71  6:53  Siege Tank  
  78  6:56  Supply Depot  
  78  6:57  Barracks Reactor, SCV  
  78  6:58  SCV, Medivac, Barracks  
  78  7:00  Medivac  
  84  7:01  Barracks Reactor  
  84  7:03  SCV  
  85  7:09  SCV  
  85  7:11  SCV  
  85  7:12  Supply Depot x2  
  85  7:15  Supply Depot, Marine x2  
  88  7:20  Marine x2  
  91  7:24  Concussive Shells  
  91  7:25  Siege Tank  
  91  7:26  SCV  
  91  7:28  Medivac  
  97  7:30  Refinery  
  97  7:31  Refinery  
  97  7:33  Marine x2  
  99  7:38  Marine x2  
  99  7:41  Marine x2  
  103  7:49  Marine x2  
  103  7:50  Barracks Tech Lab  
  102  7:51  SCV x3  
  102  7:56  Marauder x2  
  102  7:57  Terran Infantry Weapons Level 2  
  111  8:03  SCV x2  
  111  8:05  Supply Depot, SCV  
  111  8:07  Supply Depot  
  111  8:08  Marine  
  111  8:09  Marine x2  
  111  8:10  Supply Depot x2  
  111  8:11  Marine x3  
  120  8:13  Terran Infantry Armor Level 2  
  120  8:15  SCV  
  120  8:16  SCV, Marine  
  120  8:17  Marauder, Marine  
  122  8:26  Marine x2  
  124  8:30  Marine x4  
  131  8:34  Supply Depot, Marauder  
  131  8:35  Marauder  
  131  8:39  Marauder  
  134  8:44  Marine x2  
  134  8:48  Marine  
  137  8:49  Marine  
  137  8:52  Siege Tank, Medivac x2  
  137  8:53  Marine  
  148  8:55  Marine  
  148  8:56  Marauder  
  148  8:57  Marauder  
  148  9:00  Marauder  
  148  9:02  Marine x2  
  155  9:06  Marine  
  155  9:07  Marine  
  157  9:11  Marine  
  157  9:13  Marine  
  161  9:17  Marauder  
  161  9:18  Marauder  
  161  9:20  Marine x2  
  161  9:22  Marauder  
  161  9:23  Marine  
  168  9:25  Marine  
  168  9:29  Marine  
  170  9:31  Marine  
  170  9:32  Supply Depot  
  170  9:34  Command Center  
  170  9:37  Marine  
  170  9:38  Marauder, Marine  
  175  9:39  Terran Vehicle Weapons Level 1  
  175  9:40  Marauder  
  175  9:41  Marine  
  175  9:42  Marine  
  175  9:43  Marauder  
  181  9:47  Siege Tank, Medivac x2  
  181  9:50  Marine  
  189  9:53  Marine  
  186  10:00  Marauder  
  186  10:01  Marauder  
  186  10:04  Marauder  
  186  10:06  Marine  
  186  10:07  Marine x3  
  191  10:09  Marine  
  191  10:11  Marine  
  188  10:21  Marauder  
  188  10:22  Marauder  
  188  10:24  Marine x3  
  188  10:25  SCV, Marine  
  188  10:26  Marauder  
  188  10:27  Marine  
  185  10:28  Marine  
  174  10:42  Marauder, Marine  
  155  10:43  Siege Tank, Marine x2  
  155  10:44  Marauder  
  155  10:47  Marauder, Marine x2  
  120  10:50  Marine  
  117  11:00  Marine  
  117  11:01  SCV, Marine x2  
  123  11:04  Marauder, Marine  
  123  11:05  Marauder, Marine  
  123  11:08  Marine  
  123  11:09  Marauder  
  123  11:10  Barracks  
  130  11:13  SCV x2  
  130  11:16  Orbital Command  
  130  11:18  Marine  
  133  11:19  Marine  
  133  11:21  Barracks  
  133  11:22  Barracks  
  133  11:23  Ghost Academy  
  135  11:25  SCV  
  135  11:31  Bunker  
  135  11:36  SCV  
  135  11:38  Terran Infantry Weapons Level 3  
  136  11:42  SCV  
  136  11:43  SCV  
  136  11:45  Orbital Command  
  138  11:48  Marine x2  
  138  11:53  Supply Depot  
  140  11:56  Terran Infantry Armor Level 3  
  140  11:58  SCV x2  
  139  12:12  Marine x2  
  139  12:13  Marauder, Barracks Tech Lab x2  
  139  12:14  Barracks Tech Lab  
  139  12:15  Marine x4  
  139  12:16  Marauder, Medivac  
  147  12:25  Marine  
  148  12:34  Marauder  
  148  12:35  Marine x2  
  148  12:36  Marauder  
  154  12:37  Marine x4  
  154  12:38  Marine  
  154  12:39  Marine x2  
  154  12:43  Marine  
  162  12:53  Marine x2  
  162  12:54  Liberator  
  162  12:55  Ghost  
  162  12:56  Marine  
  125  13:08  Ghost x2  
  125  13:11  Ghost  
  122  13:13  Marine x3  
  123  13:20  Ghost  
  123  13:25  Ghost  
  123  13:26  Marine  
  114  13:32  Marauder  
  112  13:37  Marauder, Marine  
  112  13:39  Marauder, Marine x3  
  112  13:40  Marine  
  120  13:43  SCV  
  120  13:45  SCV  
  118  13:54  Marauder, Marine x2  
  108  13:58  Marine x2  
  108  13:59  Marauder  
  108  14:00  Marine  
  108  14:01  Marine  
  114  14:06  Marine x3  
  117  14:12  Marine x2  
  117  14:13  Marauder  
  121  14:21  SCV x3  
  124  14:24  Marine x2  
  124  14:25  Marauder x2  
  124  14:29  Ghost  
  132  14:34  Orbital Command  
  132  14:35  Ghost, Marine  
  135  14:40  Ghost  
  135  14:42  Marine  
  138  14:45  SCV  
  138  14:46  SCV x2  
  138  14:52  Ghost  
  131  14:58  SCV  
  134  15:03  Ghost  
  134  15:04  Ghost  
  138  15:07  Marine x3  
  138  15:12  Marine x4  
  138  15:13  Marauder  
  135  15:17  Marine  
  135  15:18  Medivac  
  135  15:19  Medivac  
  140  15:21  Marine  
  140  15:25  Marine  
  142  15:34  Marauder, Marine x2  
  142  15:35  Marauder  
  148  15:39  Ghost x2  
  151  15:44  Ghost  
  151  15:45  Marine x2  
  151  15:48  Medivac, Marine x2  
  151  15:49  Medivac  
  161  15:55  SCV x2  
  156  16:09  SCV  
  156  16:10  Bunker, SCV x2  
  159  16:13  Refinery  
  159  16:14  Command Center  
  159  16:25  Liberator x2  
  157  16:36  Refinery  
  157  16:37  Refinery  
  152  16:43  Starport x2  
  158  17:07  Liberator  
  158  17:12  Liberator  
  158  17:14  Refinery  
  161  17:29  Starport Tech Lab, Starport Reactor  
  161  17:32  Orbital Command  
  161  17:36  Command Center  
  163  17:38  Command Center  
  163  17:50  Liberator x2  
  163  17:55  Refinery  
  159  18:00  Bunker  
  163  18:26  Liberator  
  163  18:27  Liberator  
  163  18:30  Liberator  
  163  18:39  Liberator x2  
  160  18:43  Ghost x2, Marine  
  174  18:49  Planetary Fortress  
  174  18:50  Orbital Command  
  180  19:06  Command Center  
  180  19:09  Liberator x2  
  180  19:15  Liberator  
  180  19:27  Terran Ship Weapons Level 1  
  180  19:29  Liberator x2  
  187  19:51  Marine x2  
  187  19:52  Marauder x2, Marine  
  200  20:13  Personal Cloaking  
  200  20:21  Liberator  
  200  20:23  Command Center  
  188  20:32  Building Armor  
  188  20:33  Hi-Sec Auto Tracking  
  188  20:34  Liberator x2  
  191  20:59  Liberator  
  191  21:22  Fusion Core  
  179  21:43  Liberator  
  179  21:47  Ghost  
  179  21:48  Missile Turret  
  179  21:52  Refinery  
  179  21:53  Planetary Fortress  
  179  21:54  Missile Turret  
  181  21:55  Refinery  
  181  21:56  Sensor Tower  
  184  22:13  Advanced Ballistics  
  184  22:15  Marine x2  
  186  22:22  Liberator  
  124  23:07  Planetary Fortress  
  124  23:08  Marine x2  
  124  23:10  Marine  
  124  23:21  Marine x2  
  123  23:27  Orbital Command  
  121  23:34  Orbital Command  
  121  23:39  Marine x2  
  115  23:58  Marine x2  
Show
View Real Time Build Order
Export as new Build Order

SortOf Zerg 

Build Orders: Hatch First 

Get SALT Encoding   

  12  0:01  Drone  
  13  0:13  Overlord  
  13  0:18  Drone  
  14  0:32  Drone x2  
  16  0:36  Drone  
  17  0:45  Drone  
  18  0:58  Hatchery  
  18  1:00  Drone  
  18  1:08  Extractor  
  17  1:16  Spawning Pool  
  16  1:19  Drone  
  16  1:22  Drone  
  18  1:30  Drone  
  19  1:39  Drone  
  20  1:52  Overlord  
  20  2:03  Queen  
  22  2:09  Zergling x2  
  22  2:10  Zergling x2, Queen  
  22  2:14  Zergling x2  
  27  2:16  Metabolic Boost  
  27  2:20  Drone  
  27  2:30  Drone  
  27  2:34  Drone  
  29  2:39  Queen  
  31  2:48  Overlord  
  31  2:49  Drone x2  
  33  3:01  Overlord  
  33  3:02  Drone  
  35  3:05  Drone x2  
  36  3:15  Drone x2  
  36  3:17  Roach Warren  
  37  3:20  Drone x2  
  37  3:25  Drone x4  
  42  3:43  Extractor  
  42  3:44  Hatchery, Zergling x2  
  42  3:46  Drone  
  42  3:48  Queen  
  42  3:51  Zergling x4  
  42  3:55  Overlord  
  46  3:56  Drone  
  46  3:57  Roach x2  
  51  4:09  Drone  
  52  4:21  Roach x3  
  57  4:27  Roach  
  57  4:37  Overlord  
  57  4:39  Extractor  
  57  4:40  Extractor  
  57  4:41  Roach x2  
  57  4:44  Spore Crawler  
  58  4:46  Overlord x3  
  58  4:52  Overlord  
  58  5:05  Roach x2  
  58  5:10  Drone  
  58  5:11  Drone x6  
  65  5:19  Evolution Chamber  
  65  5:20  Evolution Chamber  
  63  5:21  Drone  
  63  5:22  Ravager x2  
  63  5:23  Ravager  
  63  5:24  Ravager  
  63  5:25  Drone  
  63  5:26  Hatchery  
  63  5:28  Hatchery  
  67  5:31  Drone  
  67  5:32  Drone  
  69  5:37  Drone x2, Lair  
  69  5:38  Overlord  
  69  5:42  Spore Crawler, Queen  
  70  5:45  Zergling x2  
  70  5:49  Zergling x2  
  74  5:53  Drone x2  
  76  5:58  Zerg Ground Armor Level 1  
  76  5:59  Drone, Zergling x2  
  76  6:02  Overlord  
  78  6:05  Drone x2  
  78  6:10  Drone x2  
  82  6:12  Zerg Missile Weapons Level 1  
  82  6:14  Drone  
  83  6:21  Roach x3  
  88  6:26  Zergling x2  
  88  6:29  Drone x3  
  92  6:34  Glial Reconstitution  
  92  6:40  Roach  
  92  6:41  Roach x3  
  92  6:46  Overlord  
  99  6:48  Infestation Pit  
  99  6:49  Overlord  
  99  6:52  Overlord  
  98  7:01  Overlord x2  
  98  7:08  Drone x8  
  106  7:11  Extractor x2  
  106  7:13  Drone x5  
  106  7:14  Roach  
  111  7:16  Roach  
  111  7:18  Overseer, Ravager x2  
  111  7:22  Roach  
  117  7:27  Drone  
  117  7:28  Roach x4  
  126  7:31  Pathogen Glands  
  121  7:52  Roach x3  
  121  7:55  Drone  
  121  7:56  Drone  
  121  7:57  Extractor  
  126  8:02  Zerg Ground Armor Level 2  
  126  8:06  Drone x2  
  126  8:07  Drone x2  
  126  8:08  Extractor  
  129  8:18  Zerg Melee Weapons Level 1  
  129  8:19  Overlord x2  
  129  8:20  Roach  
  129  8:21  Roach x2  
  129  8:24  Overlord, Hatchery  
  133  8:28  Hive  
  133  8:41  Infestor x2  
  133  8:43  Drone x3  
  133  8:44  Zergling x2  
  133  8:45  Zergling x20  
  133  8:46  Spore Crawler  
  133  8:48  Zergling x6  
  153  8:55  Spore Crawler  
  152  8:59  Infestor  
  152  9:01  Overlord  
  152  9:02  Zergling x4, Roach x2  
  160  9:06  Overlord  
  160  9:11  Overlord  
  160  9:12  Overlord  
  160  9:20  Overlord  
  160  9:21  Infestor x3  
  166  9:25  Hatchery  
  166  9:28  Zergling x4  
  167  9:33  Zergling x16  
  175  9:39  Queen  
  177  9:51  Zergling x2  
  178  9:56  Roach  
  178  9:57  Roach x12  
  197  10:13  Ravager  
  197  10:14  Ravager x9  
  200  10:20  Zergling x8  
  199  10:22  Zerg Ground Armor Level 3  
  199  10:27  Zergling x2  
  199  10:28  Zergling x4  
  191  10:32  Zergling x10  
  191  10:33  Overlord  
  138  10:52  Hatchery  
  137  11:00  Zerg Melee Weapons Level 2  
  137  11:02  Hatchery  
  134  11:08  Ultralisk Cavern  
  131  11:12  Zergling x6  
  131  11:13  Zergling x6  
  137  11:18  Queen  
  137  11:24  Zergling x2  
  137  11:25  Zergling x2  
  141  11:28  Infestor x2  
  141  11:30  Infestor  
  147  11:36  Overseer  
  147  11:55  Drone x2  
  147  11:56  Ultralisk  
  147  11:57  Ultralisk  
  147  12:00  Chitinous Plating  
  159  12:12  Ultralisk  
  165  12:23  Ultralisk  
  168  12:42  Ultralisk, Zergling x4  
  168  12:43  Zergling x6  
  177  12:50  Zergling x2  
  177  12:51  Zergling x8  
  159  13:09  Ultralisk x2  
  159  13:20  Hatchery  
  148  13:30  Ultralisk x2  
  148  13:33  Zerg Melee Weapons Level 3  
  156  13:50  Drone x3  
  156  13:55  Drone x2  
  161  14:07  Spire  
  161  14:08  Zerg Missile Weapons Level 2  
  161  14:09  Baneling Nest  
  159  14:13  Zergling x2  
  159  14:14  Zergling x14  
  159  14:16  Viper  
  170  14:18  Overlord  
  170  14:32  Pneumatized Carapace  
  170  14:38  Drone x3, Spore Crawler  
  171  14:44  Drone x3  
  166  14:52  Drone x6  
  172  15:08  Hatchery  
  167  15:14  Hatchery  
  167  15:16  Centrifical Hooks  
  167  15:20  Spine Crawler  
  167  15:21  Overlord  
  165  15:22  Extractor  
  165  15:26  Overseer  
  165  15:27  Nydus Network  
  163  15:30  Viper  
  159  15:38  Zergling x2  
  159  15:39  Zergling x16  
  159  15:40  Baneling  
  159  15:41  Baneling x8  
  164  15:55  Ultralisk, Zergling x2  
  166  16:16  Ultralisk, Zergling x2  
  166  16:40  Zergling x2  
  166  16:41  Zergling x22  
  166  16:42  Zergling x2  
  166  16:46  Nydus Canal  
  174  17:00  Corruptor  
  174  17:01  Corruptor x2  
  176  17:02  Zerg Flyer Weapons Level 1  
  176  17:07  Spore Crawler  
  179  17:14  Overlord  
  179  17:25  Corruptor  
  179  17:26  Corruptor x2  
  185  17:35  Ultralisk  
  191  17:39  Corruptor  
  193  17:47  Hatchery  
  181  17:58  Zergling x8  
  176  18:20  Drone x3, Extractor  
  176  18:21  Drone, Extractor  
  176  18:25  Extractor  
  177  18:29  Zergling x2  
  177  18:30  Zergling x30  
  177  18:31  Corruptor  
  195  18:47  Drone x4  
  199  18:52  Drone  
  199  18:54  Overlord  
  200  18:56  Zerg Flyer Armor Level 1  
  200  19:01  Spine Crawler, Spore Crawler  
  198  19:20  Baneling x4  
  198  19:21  Baneling x9  
  198  19:22  Hatchery  
  197  19:31  Corruptor x2  
  197  19:46  Queen  
  199  20:05  Overseer  
  199  20:09  Hatchery, Drone  
  199  20:18  Overseer  
  199  20:19  Overseer  
  199  20:42  Zerg Missile Weapons Level 3  
  199  20:50  Spine Crawler, Drone  
  199  20:51  Spine Crawler, Drone x2  
  199  21:13  Overlord  
  198  21:45  Zergling x2  
  198  21:46  Zergling x20  
  199  21:56  Baneling x10  
  164  22:30  Ultralisk x4  
  164  22:31  Ultralisk  
  164  22:34  Ultralisk  
  164  22:36  Zergling x16  
  169  22:38  Ultralisk  
  169  22:39  Ultralisk x3  
  169  22:40  Zergling x2  
  169  22:42  Overseer  
  168  22:45  Viper x2  
  168  22:49  Overlord  
  156  23:00  Ultralisk  
  153  23:15  Corruptor  
  153  23:16  Corruptor  
  149  23:27  Corruptor  
  139  23:41  Corruptor  
  139  23:52  Corruptor  
  139  23:54  Zergling x22  
Tags
 
Add a new tag
Caveats
  • Supply blocks, unpowered buildings, or Contaminate may cause inaccurate times.
  • Supply counts are checked every 10 seconds.